 Dungeon Crawl Stone Soup version 0.31-a0-344-gd109795599 (webtiles) character file.

Game seed: 3555477094556633053

76637 AdnanSaban the Tortoise (level 15, -1/101 HPs)
             Began as a Gargoyle Fighter on July 22, 2023.
             Was the Champion of Okawaru.
             Killed from afar by Bai Suzhen (26 damage)
             ... with a torrent of water
             ... on level 3 of the Swamp.
             The game lasted 00:46:10 (21190 turns).

AdnanSaban the Tortoise (Gargoyle Fighter)         Turns: 21190, Time: 00:46:11

Health: -1/101     AC: 56    Str: 33    XL:     15   Next: 54%
Magic:  15/15      EV:  8    Int: 16    God:    Okawaru [******]
Gold:   1624       SH:  7    Dex:  9    Spells: 14/14 levels left

rFire   . . .        u - +8 whip "Snakebite" {venom, curare, rPois}
rCold   . . .        c - +0 buckler
rNeg    + . .        X - +13 crystal plate armour of AdnanSaban's Valiance {Int+7}
rPois   ∞            B - +0 helmet
rElec   +            E - +2 cloak
rCorr   +            s - +0 pair of gloves
SInv    .            g - +0 pair of boots
Will    +....        (no amulet) Stlth
                     V - +6 ring of strength
HPRegen 0.36/turn    T - ring of resist corrosion
MPRegen 0.14/turn

%: no passive effects
@: flying
A: sickness immunity, AC +11, big wings, negative energy resistance 1,
electricity resistance, torment resistance 1, petrification resistance
a: Renounce Religion, Heroism, Finesse, Duel


You were on level 3 of the Swamp.
You worshipped Okawaru.
Okawaru was exalted by your worship.
You visited 4 branches of the dungeon, and saw 22 of its levels.

You collected 1624 gold pieces.

Inventory:

Hand Weapons
 u - the +8 whip "Snakebite" (weapon) {venom, curare, rPois}
   (You found it on level 3 of the Dungeon)

   rPois:     It protects you from poison.
 Q - the +5 mace "Acwupn" {freeze, Fly rF+}
   (Okawaru gifted it to you on level 4 of the Lair of Beasts)

   rF:        It protects you from fire.
   Fly:       It grants you flight.
Missiles
 M - an atropa-tipped dart (quivered)
Armour
 c - a +0 buckler (worn)
 g - a +0 pair of boots (worn)
 s - a +0 pair of gloves (worn)
 B - a +0 helmet (worn)
 E - a +2 cloak (worn)
 P - the +7 chain mail of Okawaru's Hope {Str+9 Slay+3}
   (Okawaru gifted it to you on level 2 of the Lair of Beasts)

   Str:       It affects your strength (+9).
   Slay:      It affects your accuracy & damage with ranged weapons and melee
   (+3).
 X - the +13 crystal plate armour of AdnanSaban's Valiance (worn) {Int+7}
   (Okawaru gifted it to you on level 3 of the Lair of Beasts)

   Int:       It affects your intelligence (+7).
Jewellery
 i - a ring of protection from cold
 A - a ring of protection from cold
 C - a ring of willpower
 G - a +6 ring of intelligence
 K - a +5 ring of evasion
 T - a ring of resist corrosion (right hand)
 U - a ring of wizardry
 V - a +6 ring of strength (left hand)
Wands
 r - a wand of flame (17)
 y - a wand of iceblast (31)
 J - a wand of polymorph (3)
 N - a wand of digging (6)
 Y - a wand of mindburst (10)
Scrolls
 e - 26 scrolls of identify {unknown}
 f - 4 scrolls of vulnerability {unknown}
 h - 12 scrolls of teleportation {unknown}
 j - 3 scrolls of poison {unknown}
 k - 4 scrolls of noise {unknown}
 l - a scroll of brand weapon {unknown}
 m - 3 scrolls of torment {unknown}
 q - a scroll of blinking {unknown}
 v - 8 scrolls of fear {unknown}
 x - 4 scrolls of enchant weapon {unknown}
 z - 7 scrolls of enchant armour {unknown}
 H - 3 scrolls of immolation {unknown}
 L - a scroll of revelation {unknown}
 O - 3 scrolls of silence {unknown}
 R - 3 scrolls of amnesia {unknown}
Potions
 a - 3 potions of brilliance {unknown}
 b - a potion of magic {unknown}
 d - a potion of might
 n - 12 potions of curing {unknown}
 o - 5 potions of enlightenment {unknown}
 p - 3 potions of lignification {unknown}
 t - 2 potions of cancellation {unknown}
 w - 5 potions of haste {unknown}
 D - 8 potions of degeneration {unknown}
 F - 2 potions of attraction {unknown}
 I - 3 potions of heal wounds {unknown}
 S - a potion of invisibility {unknown}
 W - a potion of mutation {unknown}


   Skills:
 + Level 14.5 Fighting
 + Level 14.8 Maces & Flails
 + Level 0.4 Throwing
 + Level 15.2 Armour
 + Level 5.7 Dodging
 + Level 13.2 Shields


You had 14 spell levels left.
You didn't know any spells.
Your spell library contained the following spells:

 Spells                   Type           Power      Damage    Failure   Level
 Kiss of Death            Conj/Necr      0%         2d5       98%         1
 Magic Dart               Conj           0%         1d3       98%         1
 Ensorcelled Hibernation  Hex/Ice        0%         N/A       99%         2
 Passwall                 Tmut/Erth      0%         N/A       99%         2
 Searing Ray              Conj           0%         2d4       99%         2
 Wereblood                Tmut           0%         N/A       99%         2
 Confusing Touch          Hex            0%         N/A       100%        3
 Dazzling Flash           Conj/Hex       0%         N/A       100%        3
 Gell's Gravitas          Tloc           0%         N/A       100%        3
 Hailstorm                Conj/Ice       0%         3d3       100%        3
 Mephitic Cloud           Conj/Pois/Air  0%         N/A       100%        3
 Swiftness                Air            0%         N/A       100%        3
 Teleport Other           Tloc           0%         N/A       100%        3
 Volatile Blastmotes      Fire/Tloc      0%         2d10      100%        3
 Dispel Undead            Necr           0%         3d6       100%        4
 Fulminant Prism          Conj/Hex       0%         3d5       100%        4
 Iskenderun's Mystic Bla  Conj/Tloc      0%         2d3       100%        4
 Alistair's Intoxication  Tmut/Pois      0%         N/A       100%        5
 Borgnjor's Vile Clutch   Necr/Erth      0%         N/A       100%        5
 Dispersal                Tloc           0%         N/A       100%        6
 Eringya's Noxious Bog    Tmut/Pois      0%         4d6       100%        6
 Starburst                Conj/Fire      0%         6d3       100%        6
 Maxwell's Capacitive Co  Air            0%         ∞         100%        8
 Call Imp                 Summ           Unusable   N/A       N/A         2
 Sublimation of Blood     Necr           Unusable   N/A       N/A         2
 Summon Ice Beast         Ice/Summ       Unusable   N/A       N/A         4
 Simulacrum               Ice/Necr       Unusable   N/A       N/A         6
 Summon Hydra             Summ           Unusable   N/A       N/A         7

Dungeon Overview and Level Annotations

Branches:
Dungeon (12/15)            Temple (1/1) D:6            Lair (5/5) D:8
  Swamp (4/4) Lair:3        Snake (0/4) Lair:2        Slime (0/5) Lair:4
    Orc (0/2) D:10

Altars:
Ashenzari
Cheibriados
Dithmenos
Elyvilon
Fedhas
Gozag
Hepliaklqana
Kikubaaqudgha
Makhleb
Nemelex Xobeh
Okawaru
Qazlal
Ru
Sif Muna
Trog
Uskayaw
Vehumet
Wu Jian
Xom
Yredelemnul
Zin
The Shining One
Jiyva

Shops:
D:1 :

Portals:
Trove: D:10 (give +4 demon trident)

Annotations:
Lair:4 1 runed translucent door
Swamp:3 Bai Suzhen


Innate Abilities, Weirdness & Mutations

You are immune to sickness and miasma.
Your stone body is resilient. (AC +11)
You are immune to poison.
Your large and strong wings let you fly.
You resist negative energy. (rN+)
You are resistant to electric shocks. (rElec)
You are resistant to unholy torment.
You are immune to petrification.


Message History

Bai Suzhen is severely wounded.
You block the four-headed hydra's attack.
The four-headed hydra bites you but does no damage.
You block the four-headed hydra's attack.
The four-headed hydra bites you but does no damage.
You hit Bai Suzhen.
Bai Suzhen is severely wounded.
The four-headed hydra disappears in a puff of smoke!
Bai Suzhen inspects her gathered herbal reagents.
Bai Suzhen bites you but does no damage.
Bai Suzhen closely misses you.
Bai Suzhen tramples you but does no damage.
You thrash Bai Suzhen!!
Bai Suzhen is severely wounded.
You are engulfed in a thunderstorm.
You resist.
You whack Bai Suzhen!
Bai Suzhen looks as sick as possible!
Bai Suzhen is almost dead.
You are engulfed in a thunderstorm.
You resist.
* * * LOW HITPOINT WARNING * * *
Bai Suzhen roars, "Even the heavens can't separate us forever!"
Bai Suzhen bites you but does no damage.
Bai Suzhen claws you but does no damage.
Bai Suzhen barely misses you.
You hit Bai Suzhen but do no damage.
Bai Suzhen is almost dead.
You are engulfed in a thunderstorm.
You resist.
* * * LOW HITPOINT WARNING * * *
You hit Bai Suzhen.
Bai Suzhen looks as sick as possible!
Bai Suzhen is almost dead.
You are engulfed in a thunderstorm.
You resist.
Bai Suzhen bites you but does no damage.
Bai Suzhen claws you but does no damage.
Bai Suzhen tramples you but does no damage.
You hit Bai Suzhen but do no damage.
Bai Suzhen looks as sick as possible!
Bai Suzhen is almost dead.
You whack Bai Suzhen!
Bai Suzhen is almost dead.
Bai Suzhen breathes water at you. The torrent of water hits you!!
You die...

.~..♣ ♣~~...~~~~~..~♣♣
..~<♣ ♣.~§..~~~~~~~~~♣
....♣
♣♣♣♣♣♣~.~~~~~~~~~♣
..♣♣♣ ♣§♣♣
♣♣.~~.)..♣♣♣♣ .♣♣
♣~.♣♣♣§.~)>..~♣♣♣ .♣
♣♣.♣~~...~~~~~.~.♣♣ .♣
♣..)~~....~~~~...~♣ ♣♣
♣♣.~~~...~.~~~~~..♣♣
♣~...~~§~~§§@~.~~~♣ ♣♣♣
♣~♣..~~~~~§D§~~~~.♣ ~.♣
♣♣♣~.....~§~§~~~~§♣ ..♣
♣...♣...~~§~~~§.♣
~.♣♣♣♣♣~~.♣♣♣~.~~~~~~.♣
~~~....~~.♣♣♣~..~~~§~♣♣
~~~.~~§~~.~♣.~~~~~~§.♣
.§~~~§~§§~♣§~.......~♣
♣...~~§~.♣♣♣.~~~~♣♣♣♣♣


You could see Bai Suzhen (clouds, extremely poisoned, catching breath).

Vanquished Creatures
  Nikola (Swamp:2)
  4 eleionomae
  3 bunyips (Swamp:1)
  3 hydras
  A rakshasa (D:12)
  4 alligators
  4 catoblepae
  2 ghost crabs
  4 two-headed ogres
  A boulder beetle (Lair:3)
  8 death yaks
  A spriggan berserker (Swamp:3)
  Lodul (D:11)
  6 spriggan druids
  4 goliath frogs
  4 swamp dragons
  4 bog bodies
  A deep elf pyromancer (D:11)
  2 cyclopes (D:12)
  An oklob plant (Lair:1)
  A will-o-the-wisp (Swamp:1)
  2 manticores (Lair:5)
  8 elephants
  5 black mambas
  A torpor snail (Lair:3)
  8 cane toads
  8 komodo dragons
  5 rime drakes
  An unseen horror zombie (D:9)
  5 trolls
  8 tyrant leeches
  4 polar bears
  6 hornets
  14 blink frogs
  A wraith (D:11)
  8 wyverns
  2 shadows (D:10)
  43 yaks
  10 spriggans
  2 basilisks
  12 vampire mosquitoes
  2 steam dragons
  8 swamp worms
  4 nagas (Lair:2)
  22 water moccasins
  2 orc warriors (D:8)
  A swamp drake (Swamp:1)
  3 black bears
  28 wolves
  14 centaurs
  10 ogres
  4 phantoms
  3 kobold brigands
  A gnoll sergeant (D:5)
  13 bullfrogs
  2 scorpions
  A necrophage (D:9)
  5 wights (D:9)
  2 troll zombies (D:10)
  6 killer bees (D:10)
  3 howler monkeys
  An electric eel (D:7)
  2 centaur zombies (D:9)
  A human zombie (D:9)
  4 jellies
  6 hounds
  5 orc priests
  12 hell rats (Lair:2)
  8 iguanas
  7 orc wizards
  4 ogre zombies (D:10)
  2 mummies (D:9)
  12 adders
  3 gnolls (D:6)
  2 white imps
  3 ufetubi
  5 worms
  4 dart slugs
  17 orcs
  10 bats
  9 endoplasms
  6 giant cockroaches
  14 goblins
  6 hobgoblins
  2 jackals (D:2)
  4 quokkas
  6 ball pythons
  6 frilled lizards
  3 goblin zombies (D:10)
  2 hobgoblin skeletons (D:10)
  3 hobgoblin zombies (D:10)
  13 kobolds
  An orc skeleton (D:10)
  10 orc zombies (D:10)
  7 rats
547 creatures vanquished.

Vanquished Creatures (others)
  A bloated husk (Swamp:2)
  A wolf (Lair:4)
  2 foxfires (Swamp:1)
4 creatures vanquished.

Grand Total: 551 creatures vanquished

Notes
Turn   | Place    | Note
-------+----------+-------------------------------------------
     0 | D:1      | AdnanSaban the Gargoyle Fighter began the quest for the
                  | Orb.
     0 | D:1      | Reached XP level 1. HP: 14/14 MP: 1/1
   145 | D:1      | Reached XP level 2. HP: 19/19 MP: 2/2
   330 | D:1      | Reached XP level 3. HP: 18/23 MP: 3/3
   370 | D:1      | Found Sese's Book Emporium.
   621 | D:2      | Found a burning altar of Makhleb.
  1124 | D:2      | Found a faded altar of an unknown god.
  1447 | D:3      | Reached XP level 4. HP: 27/29 MP: 4/4
  1916 | D:3      | Found the +8 whip "Snakebite" {venom, curare, rPois}
  2175 | D:4      | Reached XP level 5. HP: 33/33 MP: 5/5
  2303 | D:4      | Reached skill level 4 in Armour
  2366 | D:4      | Reached XP level 6. HP: 38/38 MP: 6/6
  2371 | D:4      | Reached skill level 1 in Dodging
  2650 | D:4      | Reached skill level 5 in Maces & Flails
  2933 | D:5      | Entered Level 5 of the Dungeon
  2950 | D:4      | Reached XP level 7. HP: 44/44 MP: 7/7
  2997 | D:5      | Found a hazy altar of Hepliaklqana.
  3001 | D:5      | Found a bloodstained altar of Trog.
  3002 | D:5      | Found a white marble altar of Elyvilon.
  3004 | D:5      | Found a sacrificial altar of Ru.
  3004 | D:5      | Found a blossoming altar of Fedhas.
  3075 | D:5      | Reached skill level 5 in Armour
  3224 | D:5      | You fall into a shaft and drop 3 floors!
  3272 | D:8      | Noticed a wyvern
  3272 | D:8      | Noticed a wyvern
  3274 | D:8      | Found a staircase to the Lair.
  3274 | D:8      | Noticed a wyvern
  3290 | D:7      | Reached skill level 5 in Shields
  3290 | D:7      | Reached XP level 8. HP: 42/48 MP: 8/8
  3359 | D:7      | Reached skill level 5 in Fighting
  3548 | D:7      | Reached skill level 6 in Armour
  3729 | D:6      | Found a staircase to the Ecumenical Temple.
  3747 | Temple   | Entered the Ecumenical Temple
  3812 | Temple   | Became a worshipper of Warmaster Okawaru
  4307 | D:5      | Reached XP level 9. HP: 55/55 MP: 9/9
  5069 | D:7      | Reached skill level 7 in Armour
  5658 | D:7      | Reached * piety under Okawaru
  5902 | D:7      | Reached ** piety under Okawaru
  5903 | D:7      | Reached skill level 8 in Armour
  5919 | D:7      | Reached XP level 10. HP: 52/61 MP: 10/10
  6073 | D:8      | Noticed a two-headed ogre
  6086 | D:8      | Killed a two-headed ogre
  6086 | D:8      | Reached *** piety under Okawaru
  6365 | D:8      | Reached skill level 10 in Maces & Flails
  6500 | D:9      | Found a basalt altar of Yredelemnul.
  6596 | D:9      | Reached **** piety under Okawaru
  6711 | D:9      | Reached skill level 9 in Armour
  6755 | D:9      | Identified the amulet of Fun {Faith Fragile rF+ Str+8}
  7623 | D:10     | Entered Level 10 of the Dungeon
  7793 | D:10     | Found a staircase to the Orcish Mines.
  7828 | D:10     | Reached XP level 11. HP: 68/68 MP: 11/11
  7938 | D:10     | Noticed a two-headed ogre
  7948 | D:10     | Killed a two-headed ogre
  7948 | D:10     | Reached ***** piety under Okawaru
  8041 | D:10     | Found a portal to a secret trove of treasure.
  8859 | D:11     | Noticed a two-headed ogre
  8967 | D:11     | Killed a two-headed ogre
  9095 | D:11     | Identified the +0 scale mail of the Ward {Rampage *Corrode
                  | rC+} (Okawaru gifted it to you on level 11 of the Dungeon)
  9095 | D:11     | Received a gift from Okawaru
  9326 | D:11     | Reached skill level 10 in Armour
  9377 | D:11     | Noticed Lodul
  9898 | D:11     | Killed Lodul
 10109 | D:12     | Noticed a deep elf pyromancer
 10131 | D:11     | Killed a deep elf pyromancer
 10198 | D:12     | Noticed a cyclops
 10207 | D:12     | Killed a cyclops
 10435 | D:12     | Noticed a two-headed ogre
 10441 | D:12     | Killed a two-headed ogre
 10442 | D:12     | Reached XP level 12. HP: 63/76 MP: 12/12
 10615 | D:12     | Reached skill level 11 in Armour
 10723 | D:12     | Noticed a rakshasa
 10780 | D:12     | Killed a rakshasa
 11299 | Lair:1   | Entered Level 1 of the Lair of Beasts
 11720 | Lair:1   | Identified the +8 chain mail of Sif Muna's Delight {Will++
                  | Str+2 Int+2}
 12073 | Lair:2   | Received a gift from Okawaru
 12130 | Lair:2   | Reached skill level 10 in Fighting
 12161 | Lair:2   | Reached ****** piety under Okawaru
 12628 | Lair:2   | Reached skill level 12 in Armour
 12722 | Lair:2   | Reached skill level 10 in Shields
 12791 | Lair:2   | Noticed a seven-headed hydra
 12840 | Lair:1   | Killed a seven-headed hydra
 12947 | Lair:2   | Identified the +7 chain mail of Okawaru's Hope {Str+9
                  | Slay+3} (Okawaru gifted it to you on level 2 of the Lair of
                  | Beasts)
 12947 | Lair:2   | Received a gift from Okawaru
 12959 | Lair:2   | Reached XP level 13. HP: 77/83 MP: 13/13
 13295 | Lair:2   | Found a staircase to the Snake Pit.
 14205 | Lair:3   | Found a staircase to the Swamp.
 14214 | Lair:3   | Reached skill level 13 in Armour
 14349 | Lair:3   | Received a gift from Okawaru
 14810 | Lair:4   | Identified the +5 mace "Acwupn" {freeze, Fly rF+} (Okawaru
                  | gifted it to you on level 4 of the Lair of Beasts)
 14810 | Lair:4   | Received a gift from Okawaru
 14995 | Lair:4   | Found an iron altar of Okawaru.
 15432 | Lair:4   | Found a runed translucent door.
 15432 | Lair:4   | Found a viscous altar of Jiyva.
 15676 | Lair:4   | Noticed an azure jelly
 15677 | Lair:4   | Noticed an azure jelly
 15677 | Lair:4   | Noticed an azure jelly
 15677 | Lair:4   | Noticed an azure jelly
 15677 | Lair:4   | Noticed an azure jelly
 15678 | Lair:4   | Found a staircase to the Slime Pits.
 15737 | Lair:5   | Entered Level 5 of the Lair of Beasts
 15747 | Lair:5   | Gained mutation: Your large and strong wings let you fly.
                  | [Gargoyle growth]
 15747 | Lair:5   | Reached XP level 14. HP: 88/92 MP: 14/14
 15927 | Lair:5   | Reached skill level 5 in Dodging
 16299 | Lair:5   | Identified the +0 great mace of Etasiono {freeze, rF+ rN+}
                  | (Okawaru gifted it to you on level 5 of the Lair of Beasts)
 16299 | Lair:5   | Received a gift from Okawaru
 16769 | Lair:5   | Identified the +5 whip "Efafirph" {freeze, rPois Str+2
                  | Int+2}
 17125 | Swamp:1  | Entered Level 1 of the Swamp
 17354 | Swamp:2  | Reached skill level 14 in Armour
 17887 | Lair:3   | Identified the +13 crystal plate armour of AdnanSaban's
                  | Valiance {Int+7} (Okawaru gifted it to you on level 3 of
                  | the Lair of Beasts)
 17887 | Lair:3   | Received a gift from Okawaru
 18024 | Swamp:1  | Identified the staff "Bubry" {rF+ Int+2 Fire}
 18827 | Swamp:2  | Reached XP level 15. HP: 90/100 MP: 15/15
 18952 | Swamp:2  | Noticed Nikola
 19073 | Swamp:2  | Killed Nikola
 20138 | Swamp:3  | Reached skill level 15 in Armour
 20857 | Swamp:4  | Entered Level 4 of the Swamp
 20913 | Swamp:4  | Noticed Bai Suzhen
 21190 | Swamp:3  | Killed from afar by Bai Suzhen

Illustrated notes

Levels and vault maps discovered:
D:1:      dpeg_arrival_brainrot, layout_rooms, serial_shops, shop
D:2:      layout_loops_cross, basic_altar, serial_forest,
          infiniplex_forest_clump_double, infiniplex_forest_clump_medium,
          infiniplex_forest_lined_corner, infiniplex_forest_clump_double,
          infiniplex_forest_corner_1, infiniplex_forest_clump_curved,
          chequers_ecumenical_altar_island, kennysheep_small_spiral,
          minmay_worlds_worst_comb
D:3:      minmay_octagon_keep, layout_loops_ring
D:4:      layout_loops_ring
D:5:      layout_rooms, grunt_temple_overflow_open, minmay_misc_feat_tower,
          kb_lookout_dungeons_type
D:6:      layout_loops_cross, minmay_temple_entry_stoned_glass, kennysheep_boxes
D:7:      layout_loops_ring, serial_bayou, serial_bayou_pond_e,
          serial_bayou_crossing, serial_bayou_pond_c, serial_bayou_pond_a,
          kennysheep_dice
D:8:      layout_rooms, minmay_lair_entry_grove, enter_ossuary_3, enter_bailey_5
D:9:      layout_grid_maze, lemuel_mausoleum_altar_yredelemnul,
          minmay_crystal_water
D:10:     layout_gridville, zombieorc1_lemuel, enter_trove_1, the_hattery
D:11:     layout_cave_pools, uniq_lodul
D:12:     layout_grid_maze, serial_park_tiny_1
Temple:   nicolae_temple_slightly_damp_pantheon
Lair:1:   layout_cave_shapes, cheibrodos_lair_reptile_den
Lair:2:   layout_regular_city, minmay_snake_entry_guardpost_medium,
          forest_entry_grove
Lair:3:   layout_cave_pods, skrybe_swamp_entry_bodies, grunt_megastairs_3
Lair:4:   layout_misc_corridors, slime_entry_2, basic_altar,
          infiniplex_staircase_pool_2
Lair:5:   evilmike_catoblepas_cave, layout_misc_corridors, lemuel_fruit_tree
Swamp:1:  layout_falls_marsh, evilmike_swamp_ruin_house_1, swamp_pool2
Swamp:2:  layout_basic_swamp, portal_ice_cave_entry_pillars_four,
          nicolae_swamp_ascending_descending_big, swamp_pool4,
          nicolae_swamp_bean_lake, uniq_nikola
Swamp:3:  layout_basic_swamp, evilmike_swamp_ruin_house_5
Swamp:4:  swamp_old_school, layout_basic_swamp, swamp_pool4, uniq_bai_suzhen

Skill      XL: |  1  2  3  4  5  6  7  8  9 10 11 12 13 14 15 |
---------------+----------------------------------------------+-----
Maces & Flails | 3 4 5 6 7 9 10 11 12 13 14 | 14.8
Shields        | 4 5 6 7 9 10 11 12 13 | 13.2
Fighting       | 4 5 6 7 9 10 12 13 14 | 14.5
Armour         | 4 5 6 8 9 10 12 13 14 15 | 15.2
Dodging        | 1 2 3 4 5 |  5.7
Throwing       | |  0.4

Action                     |  1- 3 |  4- 6 |  7- 9 | 10-12 | 13-15 || total
---------------------------+-------+-------+-------+-------+-------++-------
  Melee: Flail             |   135 |    87 |       |       |       ||   222
         Whip              |       |    57 |   191 |   853 |  1133 ||  2234
  Throw: Dart              |       |       |       |       |     1 ||     1
 Invoke: Heroism           |       |       |       |       |     1 ||     1
   Stab: Petrified         |       |       |       |       |     9 ||     9
         Petrifying        |       |       |       |       |     3 ||     3
 Armour: Scale mail        |    71 |    81 |    29 |       |       ||   181
         Chain mail        |       |       |    74 |   256 |   305 ||   635
         Plate armour      |       |       |       |   155 |    29 ||   184
         Crystal plate arm |       |       |       |       |   356 ||   356
  Dodge: Dodged            |    53 |    62 |    85 |   327 |   430 ||   957
  Block: Buckler           |    35 |    36 |    52 |   190 |   252 ||   565

Table legend: (Time is in decaauts)
 A = Elapsed time spent in this place.
 B = Non-inter-level travel time spent in this place.
 C = Inter-level travel time spent in this place.
 D = Time resting spent in this place.
 E = Time spent auto-exploring this place.
 F = Levels seen in this place.
 G = Mean time per level.
                   A        B        C        D        E       F      G
               +--------+--------+--------+--------+--------+-----+--------+
         Total |  20414 |  18765 |   1649 |   2651 |  12129 |  22 |  927.9 |
       Dungeon |  11057 |  10305 |    752 |    685 |   7559 |  12 |  921.4 |
        Temple |     84 |      2 |     82 |      0 |      0 |   1 |   84.0 |
          Lair |   5485 |   4923 |    562 |    651 |   3102 |   5 | 1097.0 |
         Swamp |   3786 |   3534 |    252 |   1315 |   1467 |   4 |  946.5 |
               +--------+--------+--------+--------+--------+-----+--------+

Top non-repeatable levels by time:
 Swamp:2: 1706 daAuts
  Lair:3: 1602 daAuts
    D:10: 1390 daAuts
     D:7: 1353 daAuts
     D:9: 1299 daAuts
  Lair:2: 1287 daAuts
  Lair:5: 1153 daAuts
 Swamp:1: 1080 daAuts
    D:12: 1039 daAuts
    D:11: 999 daAuts
 Swamp:3: 969 daAuts
     D:3: 808 daAuts
  Lair:1: 786 daAuts
     D:2: 781 daAuts
     D:4: 777 daAuts
